 Dungeon Crawl Stone Soup version 0.20.1-1-g8b1a95d (webtiles) character file.

14952 Monsterracer the Martial Artist (level 12, -4/97 HPs)
             Began as a Barachi Transmuter on Aug 23, 2017.
             Was a High Priest of Ru.
             Slain by a hell knight
             ... wielding a +3 great sword of draining
              (10 damage)
             ... on level 10 of the Dungeon.
             The game lasted 00:27:25 (10927 turns).

Monsterracer the Martial Artist (BaTm)             Turns: 10927, Time: 00:27:26

Health: -4/97      AC: 15    Str: 27    XL:     12   Next: 21%
Magic:  4/15       EV: 14    Int: 17    God:    Ru [*****.]
Gold:   629        SH:  0    Dex:  8    Spells: 1/15 levels left

rFire    . . .     SeeInvis .     - Unarmed
rCold    . . .     Gourm    .   (shield unavailable)
rNeg     . . .     Faith    .   I - +2 leather armour of Surprise {rCorr Str+8 Int-2 Dex-5}
rPois    .         Spirit   .   M - +0 hat {Int+3}
rElec    .         Reflect  .   t - +1 cloak
rCorr    +         Harm     .   (gloves currently unavailable)
MR       .....                  K - +1 pair of boots {Stlth+}
Stlth    +.........             p - amulet of regeneration
Regen    0.7/turn               (ring unavailable)
MPRegen  0.2/turn               E - +4 ring of protection

@: mighty, exhausted, blade hand (expiring), no potions, flying, heavily
drained, slow
A: +LOS, swims, icy blue scales 1, dopey 1, slowness 1, strong 1, evolution 1,
inability to drink while threatened, missing a hand, hated by all, strong legs 1
a: Hop, End Transformation, Draw Out Power, Power Leap, Apocalypse, Renounce
Religion


You were on level 10 of the Dungeon.
You worshipped Ru.
Ru was extremely pleased with you.
You were hungry.
You had blades for hand.
You visited 2 branches of the dungeon, and saw 11 of its levels.
You also visited: Bailey.

You collected 629 gold pieces.

Inventory:

Missiles
 a - 184 arrows
 q - a throwing net (quivered)
Armour
 c - a +1 robe of resistance
 i - a +1 helmet
 o - the +0 pair of gloves of Claustrophobia (melded) {Str+5}
   (You acquired it in a bailey)

   It affects your strength (+5).
 t - a +1 cloak (worn)
 I - the +2 leather armour of Surprise (worn) {rCorr Str+8 Int-2 Dex-5}
   (You found it in a bailey)

   It affects your strength (+8).
   It affects your intelligence (-2).
   It affects your dexterity (-5).
   It protects you from acid and corrosion.
 K - a +1 pair of boots of stealth (worn)
 M - a +0 hat of intelligence (worn)
Jewellery
 p - an amulet of regeneration (around neck)
 r - the ring "Cucugyan" {rPois rC+ rN+ Str+5 Dex+4}
   (You found it on level 4 of the Dungeon)

   [ring of protection from cold]

   It affects your strength (+5).
   It affects your dexterity (+4).
   It protects you from cold.
   It protects you from poison.
   It protects you from negative energy.
 s - an uncursed ring of resist corrosion
 v - an uncursed ring of protection from magic
 E - a +4 ring of protection (right scythe-like blade)
Wands
 b - a wand of flame (24/48)
 j - a wand of iceblast (2/15)
 L - a wand of digging (24/24)
Scrolls
 e - a scroll of magic mapping
 u - 4 scrolls of teleportation
 y - 3 scrolls of remove curse
 C - 4 scrolls of blinking
 H - a scroll of fear
Potions
 h - a potion of ambrosia
 k - 5 potions of heal wounds
 l - 7 potions of curing
 n - 2 potions of magic {unknown}
 w - 2 potions of lignification
 x - 4 potions of flight
 z - a potion of mutation
 A - a potion of degeneration {unknown}
 D - 2 potions of brilliance
 J - 3 potions of haste
 N - 2 potions of berserk rage {unknown}
Books
 F - a book of Flames

   Spells                             Type                      Level
   a - Flame Tongue                   Conjuration/Fire             1
   b - Throw Flame                    Conjuration/Fire             2
   c - Conjure Flame                  Conjuration/Fire             3
   d - Inner Flame                    Hexes/Fire                   3
   e - Sticky Flame                   Conjuration/Fire             4
   f - Fireball                       Conjuration/Fire             5
 G - a book of Party Tricks

   Spells                             Type                      Level
   a - Summon Butterflies             Summoning                    1
   b - Apportation                    Translocation                1
   c - Lesser Beckoning               Translocation                3
   d - Tukima's Dance                 Hexes                        3
   e - Alistair's Intoxication        Transmutation/Poison         5
   f - Invisibility                   Hexes                        6
Comestibles
 d - 9 bread rations
 f - 8 fruits
 g - 3 meat rations
 B - 6 royal jellies


   Skills:
 + Level 9.8(8.3) Fighting
 - Level 4.2(2.8) Armour
 + Level 8.0(6.6) Dodging
 * Level 12.6(11.0) Unarmed Combat
 - Level 2.1(0.9) Spellcasting
 + Level 11.5(9.9) Transmutations
 - Level 4.0(2.7) Ice Magic


You had one spell level left.
You knew the following spells:

 Your Spells              Type           Power        Failure   Level  Hunger
a - Ice Form              Ice/Tmut       ###.....     61%         4    #####..
b - Sticks to Snakes      Tmut           ####....     13%         2    ###....
c - Spider Form           Tmut/Pois      ###.......   45%         3    ####...
d - Blade Hands           Tmut           ####......   47%         5    ######.


Dungeon Overview and Level Annotations

Branches:
Dungeon (10/15)            Temple (1/1) D:4            Lair (0/6) D:9
    Orc (0/2) D:10

Altars:
Ashenzari
Cheibriados
Dithmenos
Elyvilon
Fedhas
Gozag
Hepliaklqana
Kikubaaqudgha
Makhleb
Nemelex Xobeh
Okawaru
Qazlal
Ru
Sif Muna
Trog
Uskayaw
Vehumet
Xom
Yredelemnul
Zin
The Shining One


Innate Abilities, Weirdness & Mutations

Shadows flee at your approach. (+LOS)
You can swim through water.
You are dopey. (Int -2)
You cover ground slowly.
You cannot drink potions while threatened.
You are missing a hand.
You are hated by all.
You can hop short distances.
You are partially covered in icy blue scales. (AC +2)
Your muscles are strong. (Str +2)
You evolve.


Message History

You kill the hell hound! x3
You feel drained.
You hear a shout! x2
A hell knight comes into view.
It is wielding a great sword of draining.
Your transformation is almost over.
The helpless necromancer fails to defend itself.
You shred the necromancer!!!!
You kill the necromancer!
Your base Dodging skill increases to level 8!
You slice the hell knight!!
The hell knight is moderately wounded.
The hell knight barely misses you.
You slash the hell knight!
The hell knight is heavily wounded.
You slash the hell knight!
The hell knight is severely wounded.
The hell knight hits you with a great sword of draining!!
* * * LOW HITPOINT WARNING * * *
You feel drained.
You die...

##.#
###.###.##.####..#
.#[#
#................#
.#.#
#.#############..#
#..#
#.#.........).#..#
.###
#.#.#########.#..#
.# #.#.#..p #.#..#
.### #.#.#)#
#.#..# ...#
#.#.≈.# #.#..#
##.# #.#)≈@#
#.#..# ##.#
#.#§≈p# #.#..#
##.# #.#.#.#
#)#.## ##.#
#.#.#.. #[#.# ##.#
#.#(#########.#.#
#.#
#.#...........#.#
##.#
#.####≈≈≈§≈####.#
#..#
#...............#
#.##
###...##.#.######


You could see a hell knight.

Vanquished Creatures
  Gastronok (D:8)
  An orc warlord (Bailey)
  2 two-headed ogres
  3 hell knights (D:10)
  A necromancer (D:10)
  Pikel (D:5)
  The ghost of Ferkelamun the Cleaver, a novice DsGl (D:6)
  Joseph (D:7)
  A troll (D:10)
  A hippogriff (D:10)
  A spriggan (D:8)
  3 yaks (D:9)
  Eustachio (D:4)
  A hungry ghost (D:8)
  2 wargs (D:9)
  7 hell hounds (D:10)
  2 water moccasins
  A sky beast (D:4)
  8 orc warriors
  2 slaves (D:5)
  5 ice beasts
  2 ogres
  A phantom (D:6)
  2 necrophages
  4 centaurs
  5 bullfrogs
  4 scorpions
  11 killer bees
  3 wights (D:10)
  A howler monkey (D:7)
  6 crimson imps
  3 quasits
  A bullfrog zombie (D:7)
  6 hounds
  2 jellies
  12 orc priests
  2 gnoll shamans
  Crazy Yiuf (D:7)
  An iguana (D:7)
  A centaur skeleton (D:6)
  18 orc wizards
  9 worker ants
  6 adders
  7 gnolls
  5 shadow imps
  2 oozes
  An adder zombie (D:5)
  2 adder skeletons
  7 worms
  4 dart slugs
  5 leopard geckos
  67 orcs
  3 bats
  7 giant cockroaches
  10 goblins
  12 hobgoblins
  11 jackals
  2 quokkas
  A ball python (D:5)
  8 frilled lizards
  24 kobolds
  A leopard gecko skeleton (D:4)
  11 rats
  A plant (D:3)
338 creatures vanquished.

Vanquished Creatures (collateral kills)
  A hornet (D:8)
  A worm (D:3)
2 creatures vanquished.

Vanquished Creatures (others)
  A shadow imp (D:5)
  An adder skeleton (D:5)
  An orc (Bailey)
  A ball python (D:5)
  A jackal zombie (D:5)
  A kobold (Bailey)
6 creatures vanquished.

Grand Total: 346 creatures vanquished

Notes
Turn   | Place    | Note
-------+----------+-------------------------------------------
     0 | D:1      | Monsterracer the Barachi Transmuter began the quest for the Orb.
     0 | D:1      | Reached XP level 1. HP: 15/15 MP: 3/3
   278 | D:1      | HP: 6/15 [rat (2)]
   478 | D:1      | Reached XP level 2. HP: 18/21 MP: 5/5
   521 | D:1      | Learned a level 2 spell: Sticks to Snakes
   999 | D:1      | Reached skill level 4 in Unarmed Combat
  1250 | D:2      | Reached XP level 3. HP: 23/26 MP: 6/6
  1267 | D:2      | Learned a level 3 spell: Spider Form
  1659 | D:2      | Reached XP level 4. HP: 30/32 MP: 7/7
  2611 | D:3      | Reached XP level 5. HP: 38/38 MP: 4/8
  2783 | D:3      | Reached skill level 5 in Unarmed Combat
  2998 | D:3      | Found a shimmering altar of Xom.
  3018 | D:3      | Reached XP level 6. HP: 42/46 MP: 5/9
  3150 | D:4      | Noticed Eustachio
  3172 | D:3      | Reached skill level 6 in Unarmed Combat
  3226 | D:4      | Killed Eustachio
  3226 | D:4      | Reached XP level 7. HP: 37/54 MP: 8/10
  3301 | D:4      | Found a staircase to the Ecumenical Temple.
  3365 | D:4      | Learned a level 4 spell: Ice Form
  3428 | D:4      | Gained mutation: Your body sometimes deteriorates upon taking damage. [mutagenic meat]
  3429 | D:4      | Gained mutation: You are agile. (Dex +2) [mutagenic meat]
  3430 | D:4      | Gained mutation: You are covered in fur. (AC +1) [mutagenic meat]
  3431 | D:4      | Gained mutation: Your spells are a little harder to cast, but a little more powerful. [mutagenic meat]
  3433 | D:4      | Gained mutation: You have a pair of small antennae on your head. [mutagenic meat]
  3434 | D:4      | Lost mutation: You are agile. (Dex +2) [potion of mutation]
  3434 | D:4      | Lost mutation: Your body sometimes deteriorates upon taking damage. [potion of mutation]
  3434 | D:4      | Lost mutation: Your spells are a little harder to cast, but a little more powerful. [potion of mutation]
  3434 | D:4      | Lost mutation: You are covered in fur. (AC +1) [potion of mutation]
  3434 | D:4      | Lost mutation: You have a pair of small antennae on your head. [potion of mutation]
  3434 | D:4      | Gained mutation: Your spells are a little harder to cast, but a little more powerful. [potion of mutation]
  3434 | D:4      | Gained mutation: Scrolls take you a little longer to read. [potion of mutation]
  3434 | D:4      | Gained mutation: You evolve. [potion of mutation]
  3434 | D:4      | Gained mutation: You rapidly evolve. [potion of mutation]
  3441 | Temple   | Entered the Ecumenical Temple
  3608 | Temple   | Became a worshipper of Ru the Awakened
  3650 | D:4      | Reached skill level 1 in Ice Magic
  3697 | D:4      | Reached skill level 5 in Transmutations
  3873 | D:4      | Reached skill level 7 in Unarmed Combat
  3940 | D:4      | Gained mutation: You are weak. (Str -2) [evolution]
  3982 | D:4      | Got a shimmering wooden ring
  4010 | D:4      | Identified the ring "Cucugyan" {rPois rC+ rN+ Str+5 Dex+4} (You found it on level 4 of the Dungeon)
  4011 | D:4      | Lost mutation: Your spells are a little harder to cast, but a little more powerful. [potion of mutation]
  4011 | D:4      | Lost mutation: Scrolls take you a little longer to read. [potion of mutation]
  4011 | D:4      | Lost mutation: You are weak. (Str -2) [potion of mutation]
  4011 | D:4      | Lost mutation: You rapidly evolve. [potion of mutation]
  4011 | D:4      | Gained mutation: Your muscles are strong. (Str +2) [potion of mutation]
  4011 | D:4      | Gained mutation: You are partially covered in icy blue scales. (AC +2) [potion of mutation]
  4306 | D:5      | Entered Level 5 of the Dungeon
  4357 | D:5      | Noticed Pikel
  4375 | D:5      | Killed Pikel
  4375 | D:5      | Reached skill level 5 in Fighting
  4375 | D:5      | Reached XP level 8. HP: 62/62 MP: 6/11
  4790 | D:5      | Reached skill level 8 in Unarmed Combat
  4960 | D:5      | Found a white marble altar of Elyvilon.
  4960 | D:5      | Found an iron altar of Okawaru.
  4964 | D:5      | Found a snail-covered altar of Cheibriados.
  5103 | D:6      | Gained mutation: You cannot drink potions while threatened. [Ru sacrifice]
  5103 | D:6      | Reached * piety under Ru
  5241 | D:6      | Found a bloodstained altar of Trog.
  5299 | D:6      | Reached XP level 9. HP: 69/69 MP: 12/12
  5389 | D:6      | Noticed Ferkelamun's ghost (novice DsGl)
  5531 | D:6      | Killed Ferkelamun's ghost
  5531 | D:6      | Reached skill level 9 in Unarmed Combat
  5545 | D:6      | HP: 42/85 [phantom (5)]
  6103 | D:7      | Reached skill level 5 in Dodging
  6420 | D:7      | Noticed Joseph
  6429 | D:7      | Killed Joseph
  6429 | D:7      | Reached XP level 10. HP: 62/79 MP: 8/13
  6547 | D:7      | Reached skill level 10 in Unarmed Combat
  6626 | D:7      | Got a steaming ring mail
  6637 | D:7      | Identified the cursed +0 ring mail "Jideivaf" {rElec MP+9} (You found it on level 7 of the Dungeon)
  6911 | D:7      | Found a runed door.
  6917 | D:7      | Noticed Crazy Yiuf
  6922 | D:7      | Killed Crazy Yiuf
  7204 | D:8      | Found a flagged portal.
  7204 | D:8      | Noticed a two-headed ogre
  7211 | D:8      | Killed a two-headed ogre
  7211 | D:8      | Reached skill level 1 in Armour
  7230 | Bailey   | Entered a bailey
  7234 | Bailey   | Noticed an orc warlord
  7392 | Bailey   | Gained mutation: You are missing a hand. [Ru sacrifice]
  7392 | Bailey   | Reached ** piety under Ru
  7392 | Bailey   | Reached *** piety under Ru
  7437 | Bailey   | Found a runed gate.
  7439 | Bailey   | Found a runed gate.
  7445 | Bailey   | Found a runed gate.
  7532 | Bailey   | Killed an orc warlord
  7552 | Bailey   | Got a spiked leather armour
  7567 | Bailey   | Identified 2 scrolls of acquirement
  7579 | Bailey   | Got a pair of faintly glowing gloves
  7590 | Bailey   | Identified the +0 pair of gloves of Claustrophobia {Str+5} (You acquired it in a bailey)
  7853 | D:8      | Reached skill level 10 in Transmutations
  7860 | D:8      | HP: 47/96 [killer bee (3)]
  7865 | D:8      | HP: 48/96 [poisoned by a killer bee]
  7972 | D:8      | Reached XP level 11. HP: 86/86 MP: 14/14
  7981 | D:8      | Learned a level 5 spell: Blade Hands
  7986 | D:8      | Found a shimmering altar of Xom.
  8058 | D:8      | Reached skill level 11 in Unarmed Combat
  8322 | D:8      | Noticed Gastronok
  8334 | D:8      | Killed Gastronok
  9025 | D:9      | Found a staircase to the Lair.
  9070 | D:9      | Gained mutation: You are dopey. (Int -2) [Ru sacrifice]
  9070 | D:9      | Reached **** piety under Ru
  9309 | D:9      | Identified the +2 leather armour of Surprise {rCorr Str+8 Int-2 Dex-5} (You found it in a bailey)
  9624 | D:9      | Noticed a two-headed ogre
  9630 | D:9      | Killed a two-headed ogre
 10104 | D:10     | Entered Level 10 of the Dungeon
 10294 | D:10     | Found a staircase to the Orcish Mines.
 10343 | D:10     | Reached skill level 12 in Unarmed Combat
 10759 | D:10     | Gained mutation: You are hated by all. [Ru sacrifice]
 10759 | D:10     | Reached ***** piety under Ru
 10829 | D:10     | Noticed a hell knight
 10840 | D:10     | Killed a hell knight
 10840 | D:10     | Reached XP level 12. HP: 62/96 MP: 9/15
 10918 | D:10     | HP: 31/96 [hell knight/enchanted great mace (24)]
 10927 | D:10     | HP: 6/97 [hell knight/great sword of draining (24)]
 10927 | D:10     | Slain by a hell knight

Skill      XL: |  1  2  3  4  5  6  7  8  9 10 11 12 |
---------------+-------------------------------------+-----
Unarmed Combat | 4 5 6 7 8 9 10 12 | 12.6
Transmutations | 3 4 5 6 8 10 11 | 11.5
Fighting       | 2 4 5 7 8 9 |  9.8
Ice Magic      | 2 3 4 |  4.0
Dodging        | 3 5 6 7 8 |  8.0
Armour         | 3 4 |  4.2
Spellcasting   | |  2.1

Action                   |  1- 3 |  4- 6 |  7- 9 | 10-12 || total
-------------------------+-------+-------+-------+-------++-------
Melee: Unarmed           |   114 |   216 |   252 |   433 ||  1015
       Punch             |     1 |     2 |     5 |     2 ||    10
 Cast: Beastly Appendage |     2 |       |       |       ||     2
       Spider Form       |     1 |    17 |     6 |     6 ||    30
       Sticks to Snakes  |       |     1 |       |     1 ||     2
       Ice Form          |       |       |    12 |    27 ||    39
       Blade Hands       |       |       |       |     4 ||     4
Invok: Sacrifice Drink   |       |       |     1 |       ||     1
       Sacrifice a Hand  |       |       |       |     1 ||     1
       Sacrifice Purity  |       |       |       |     1 ||     1
       Sacrifice Love    |       |       |       |     1 ||     1
       Apocalypse        |       |       |       |     1 ||     1
 Abil: End Transformatio |       |       |       |     2 ||     2
  Use: Scroll            |       |       |    14 |    13 ||    27
       Potion            |       |       |     2 |     4 ||     6
 Stab: Sleeping          |       |     3 |     1 |     2 ||     6
       Distracted        |       |       |       |     1 ||     1
       Invisible         |       |       |       |     3 ||     3
       Paralysed         |       |       |       |     3 ||     3
  Eat: Chunk             |     3 |     8 |    21 |    26 ||    58
Armor: Robe              |    17 |    29 |    27 |       ||    73
       Skin              |       |     7 |    26 |    90 ||   123
       Ring mail         |       |       |       |    31 ||    31
       Leather armour    |       |       |       |    28 ||    28
Dodge: Dodged            |    60 |   118 |   150 |   282 ||   610
